 Dungeon Crawl Stone Soup version 0.28.0-1-gb440e238dd (webtiles) character file.

Game seed: 4283824913603214077

28 cbfl8 the Sneak (level 2, -6/27 HPs)
             Began as a Minotaur Delver on Feb 27, 2022.
             Mangled by a wight (13 damage)
             ... on level 6 of the Dungeon.
             The game lasted 00:00:43 (88 turns).

cbfl8 the Sneak (Minotaur Delver)                     Turns: 88, Time: 00:00:43

Health: -6/27      AC:  3    Str: 16    XL:     2   Next: 96%
Magic:  1/1        EV: 11    Int:  7    God:
Gold:   0          SH:  0    Dex: 11    Spells: 1/1 levels left

rFire   . . .      SeeInvis .   a - +0 hand axe
rCold   . . .      Faith    .   (no shield)
rNeg    . . .      Spirit   .   b - +0 leather armour
rPois   .          Reflect  .   (helmet restricted)
rElec   .          Harm     .   (no cloak)
rCorr   .          Rampage  .   (no gloves)
Will    .....                   (no boots)
Stlth   ++........              (no amulet)
HPRegen 0.09/turn               (no ring)
MPRegen 0.07/turn               (no ring)

@: no status effects
A: horns 2, retaliatory headbutt
a: no special abilities


You were on level 6 of the Dungeon.
You visited 1 branch of the dungeon, and saw 2 of its levels.

Inventory:

Hand Weapons
 a - a +0 hand axe (weapon)
Armour
 b - a +0 leather armour (worn)
Wands
 g - a wand of digging (3)
Scrolls
 c - a scroll of fog
 d - a scroll of magic mapping


   Skills:
 + Level 3.9 Fighting
 + Level 2.5 Axes
 + Level 0.1 Armour
 + Level 2.2 Dodging
 + Level 4.7 Stealth


You had one spell level left.
You didn't know any spells.
Your spell library was empty.

Dungeon Overview and Level Annotations

Branches:
Dungeon (6/15)             Temple (0/1) D:5

Altars:


Innate Abilities, Weirdness & Mutations

You have a pair of horns on your head.
You reflexively headbutt those who attack you in melee.


Message History

You hit the hound but do no damage. The hound bites you.
You have reached level 2!
The hound bites you.
The orc wizard points at you and mumbles some strange words.
You are confused.
You see here a hound corpse.
The hound misses you. The hound bites you but does no damage.
You see here a hound corpse.
You barely miss the hound. The hound bites you.
You barely miss the hound. The hound bites you. The hound bites you.
* * * LOW HITPOINT WARNING * * *
The hound barely misses you.
You aren't carrying any potions.
You are too confused!
You barely miss the orc wizard. You headbutt the orc wizard.
The orc wizard is lightly wounded.
You feel less confused. The hound bites you.
* * * LOW HITPOINT WARNING * * *
The orc wizard closely misses you. You furiously retaliate!
You headbutt the orc wizard!
As you read the scroll of fear, it crumbles to dust.
You assume a fearsome visage.
The orc wizard looks frightened!
The hound looks frightened!
The orc wizard mumbles some strange words.
The orc wizard flickers and vanishes!
Deactivating autopickup; reactivate with Ctrl-A.
You see here a bubbling white potion.
Your extra speed is starting to run out.
Found 14 stones.
Found a scroll labelled JANLYE CYQIN.
Found 9 gold pieces.
You feel yourself slow down. 2 wights come into view.
Found an orange potion.
Found 14 stones.
The wight hits you with a +5 short sword!
You die...

# ## .. .## .# ...#
#..##.# .....##
##......#
#.....##.......#
#.@...(....# ......
..##.# ###z...#....
.....$...#..# ###z..#..#
#
......#.....##.###...###
#....#.........##...##
o.........#.........#
...............##...##
.?............####...#
......<##.#...##.#...##


You could see 2 wights.

Vanquished Creatures
  A hound (D:6)
1 creature vanquished.

Notes
Turn   | Place    | Note
-------+----------+-------------------------------------------
     0 | D:5      | cbfl8 the Minotaur Delver began the quest for the Orb.
     0 | D:5      | Reached XP level 1. HP: 19/19 MP: 0/0
    12 | D:5      | Found a staircase to the Ecumenical Temple.
    13 | D:5      | Noticed an ogre
    35 | D:6      | Noticed an orc wizard
    35 | D:6      | Noticed a hound
    36 | D:6      | Noticed a hound
    43 | D:6      | Killed a hound
    44 | D:6      | Reached XP level 2. HP: 15/27 MP: 1/1
    69 | D:6      | Noticed a wight
    69 | D:6      | Noticed a wight
    88 | D:6      | Mangled by a wight

Illustrated notes

Levels and vault maps discovered:
D:5:      layout_gridville, minmay_temple_entry_large_hall
D:6:      layout_layer_cave, nicolae_overflow_crystal_walls,
          portal_sewer_entry_e, uniq_blork_the_orc

Action                   || total
-------------------------++-------
Melee: Hand axe          ||     5
       Headbutt          ||     2
  Use: Potion            ||     1
       Scroll            ||     1
Armor: Leather armour    ||     2
Dodge: Dodged            ||     5
